SL
D.C. DIVIDED @ COLORADO BILLY GOATS
05/05/2041
 
TOP OF THE 1ST
D.C. Divided batting - Pitching for Colorado Billy Goats : RHP Malcolm Bullard
Pitching: RHP Malcolm Bullard
Batting: RHB Kimi Okubo 0-0: Ball
1-0: Ball
2-0: Ball
3-0: Base on Balls
Batting: LHB Bill Butler 0-0: Ball
1-0: Called Strike
1-1: Called Strike
1-2: Ball
2-2: Fly out, F9 (Flyball, 9D, EV 86.2 MPH)
Batting: RHB Martín Chávez 0-0: Ball
1-0: SINGLE (Groundball, 56D, EV 101.9 MPH)
Kimi Okubo to second
Batting: LHB Manuel Carmona 0-0: Ball
Kimi Okubo is caught stealing 3rd base 2-5
1-0: Ball
Martín Chávez steals 2nd base
2-0: Called Strike
2-1: Called Strike
2-2: SINGLE (Groundball, 6MD, EV 100.6 MPH)
Martín Chávez to third
Runner from 3rd tries for Home, SAFE, throw by CF to home
Batting: SHB Billy Dotson 0-0: Foul Ball, location: 2F
0-1: Ball
1-1: Ball
2-1: Ball
3-1: SINGLE (Line Drive, 4D, EV 98.1 MPH)
Manuel Carmona to second
Runner from 2nd tries for 3rd, OUT! 8-5
Top of the 1st over - 1 run, 3 hits, 0 errors, 1 left on base; D.C. 1 - Colorado 0
BOTTOM OF THE 1ST
Colorado Billy Goats batting - Pitching for D.C. Divided : RHP Octavius Pringle
Pitching: RHP Octavius Pringle
Batting: LHB David de Meij 0-0: Called Strike
0-1: Swinging Strike
0-2: Ball
1-2: Ball
2-2: DOUBLE (Flyball, 8RD, EV 109.4 MPH)
Batting: RHB Matt Méndez 0-0: Ball
1-0: Ball
2-0: Foul Ball, location: 2F
2-1: Fly out, F7 (Flyball, 78D, EV 99.4 MPH)
Batting: LHB Ricardo Yates 0-0: Ball
1-0: Ball
2-0: Ball
3-0: Called Strike
3-1: Swinging Strike
3-2: Foul Ball, location: 2F
3-2: Base on Balls
Batting: LHB Ken Norris 0-0: Grounds into double play, 4-6-3 (Groundball, 4, EV 107.5 MPH)
Bottom of the 1st over - 0 runs, 1 hit, 0 errors, 1 left on base; D.C. 1 - Colorado 0
TOP OF THE 2ND
D.C. Divided batting - Pitching for Colorado Billy Goats : RHP Malcolm Bullard
Batting: LHB Stanley Zijm 0-0: Called Strike
0-1: Ball
1-1: Called Strike
1-2: Ball
2-2: Ball
3-2: Base on Balls
Batting: RHB Francisco Alhama 0-0: Called Strike
0-1: Called Strike
0-2: Ball
1-2: Strikes out swinging
Batting: LHB Craig Morgan 0-0: Called Strike
Stanley Zijm steals 2nd base
0-1: Foul Ball, location: 2F
0-2: Ball
1-2: Ground out 1-3 (Groundball, 13, EV 93.1 MPH)
Stanley Zijm to third
Batting: RHB Layton Arntsen 0-0: Ball
1-0: Foul Ball, location: 2F
1-1: Called Strike
1-2: Ball
2-2: Ball
3-2: Base on Balls
Batting: RHB Kimi Okubo 0-0: Ball
1-0: Called Strike
1-1: Ball
2-1: Foul Ball, location: 2F
2-2: Fly out, F9 (Flyball, 89D, EV 102.5 MPH)
Top of the 2nd over - 0 runs, 0 hits, 0 errors, 2 left on base; D.C. 1 - Colorado 0
BOTTOM OF THE 2ND
Colorado Billy Goats batting - Pitching for D.C. Divided : RHP Octavius Pringle
Batting: LHB Tim Gonzáles 0-0: Ball
1-0: Ball
2-0: Called Strike
2-1: Ground out 6-3 (Groundball, 6, EV 86.2 MPH)
Batting: RHB Zacarías Salazar 0-0: Ground out 5-3 (Groundball, 56S, EV 83.8 MPH)
Batting: LHB Bill Stanton 0-0: Ball
1-0: Ball
2-0: Ground out 1-3 (Groundball, 13S, EV 64.4 MPH)
Bottom of the 2nd over - 0 runs, 0 hits, 0 errors, 0 left on base; D.C. 1 - Colorado 0
TOP OF THE 3RD
D.C. Divided batting - Pitching for Colorado Billy Goats : RHP Malcolm Bullard
Batting: LHB Bill Butler 0-0: Called Strike
0-1: Ball
1-1: Ball
2-1: Called Strike
2-2: Foul Ball, location: 2F
2-2: Ball
3-2: Foul Ball, location: 2F
3-2: Foul Ball, location: 2F
3-2: Foul Ball, location: 2F
3-2: Foul Ball, location: 2F
3-2: Strikes out swinging
Batting: RHB Martín Chávez 0-0: Called Strike
0-1: Ball
1-1: Ball
2-1: Ball
3-1: Base on Balls
Batting: LHB Manuel Carmona 0-0: Called Strike
Martín Chávez is caught stealing 2nd base 2-6
0-1: Ball
1-1: Called Strike
1-2: SINGLE (Groundball, 34D, EV 96.9 MPH)
Batting: SHB Billy Dotson 0-0: Ball
1-0: Swinging Strike
1-1: Foul Ball, location: 2F
1-2: Ball
2-2: Strikes out swinging
Top of the 3rd over - 0 runs, 1 hit, 0 errors, 1 left on base; D.C. 1 - Colorado 0
BOTTOM OF THE 3RD
Colorado Billy Goats batting - Pitching for D.C. Divided : RHP Octavius Pringle
Batting: RHB Luis Rodríguez 0-0: Ball
1-0: Fly out, F9 (Flyball, 9S, EV 94.4 MPH)
Batting: SHB Raoul de Gilde 0-0: Ball
1-0: SINGLE (Groundball, 4MD, EV 108.1 MPH)
Batting: LHB David de Meij 0-0: Swinging Strike
0-1: Called Strike
0-2: Ball
1-2: Foul Ball, location: 2F
1-2: Strikes out swinging
Batting: RHB Matt Méndez 0-0: Called Strike
0-1: Swinging Strike
0-2: Strikes out swinging
Bottom of the 3rd over - 0 runs, 1 hit, 0 errors, 1 left on base; D.C. 1 - Colorado 0
TOP OF THE 4TH
D.C. Divided batting - Pitching for Colorado Billy Goats : RHP Malcolm Bullard
Batting: LHB Stanley Zijm 0-0: Ball
1-0: Ground out U3 (Groundball, 34S, EV 93.8 MPH)
Batting: RHB Francisco Alhama 0-0: Ground out 6-3 (Groundball, 56, EV 103.1 MPH)
Batting: LHB Craig Morgan 0-0: Called Strike
0-1: Ball
1-1: Ground out U3 (Groundball, 34, EV 88.1 MPH)
Top of the 4th over - 0 runs, 0 hits, 0 errors, 0 left on base; D.C. 1 - Colorado 0
BOTTOM OF THE 4TH
Colorado Billy Goats batting - Pitching for D.C. Divided : RHP Octavius Pringle
Batting: LHB Ricardo Yates 0-0: Ball
1-0: Foul Ball, location: 2F
1-1: SINGLE (Line Drive, 9S, EV 101.9 MPH)
Batting: LHB Ken Norris 0-0: SINGLE (Groundball, 4D, EV 96.2 MPH)
Ricardo Yates to second
Runner from 2nd tries for 3rd, OUT! 8-5
Batting: LHB Tim Gonzáles 0-0: Called Strike
0-1: Called Strike
0-2: Strikes out swinging
Batting: RHB Zacarías Salazar 0-0: Ball
1-0: DOUBLE (Line Drive, 3D, EV 105.0 MPH)
Ken Norris to third
Runner from 3rd tries for Home, SAFE, throw by RF to trailing runner, SAFE at third!
Batting: LHB Bill Stanton 0-0: Fly out, F8 (Line Drive, 8LM, EV 89.4 MPH)
Bottom of the 4th over - 1 run, 3 hits, 0 errors, 1 left on base; D.C. 1 - Colorado 1
TOP OF THE 5TH
D.C. Divided batting - Pitching for Colorado Billy Goats : RHP Malcolm Bullard
Batting: RHB Layton Arntsen 0-0: Ball
1-0: Called Strike
1-1: Ground out 5-3 (Groundball, 5S, EV 87.5 MPH)
Batting: RHB Kimi Okubo 0-0: Foul Ball, location: 2F
0-1: TRIPLE (Flyball, 78XD, EV 90.6 MPH)
Batting: LHB Bill Butler 0-0: Ball
1-0: Called Strike
1-1: Foul Ball, location: 2F
1-2: Reached on error, E5 (Groundball, 56S, EV 78.8 MPH)
Kimi Okubo scores
Batting: RHB Martín Chávez 0-0: Called Strike
0-1: Ball
1-1: Ball
2-1: Ball
3-1: Swinging Strike
3-2: Fly out, F9 (Flyball, 9LS, EV 87.5 MPH)
Batting: LHB Manuel Carmona 0-0: Called Strike
0-1: Ball
1-1: SINGLE (Flyball, 9S, EV 92.5 MPH)
Bill Butler to second
Runner from 2nd tries for 3rd, SAFE, throw by RF made to third
Batting: SHB Billy Dotson 0-0: Ball
1-0: Called Strike
1-1: Foul Ball, location: 2F
1-2: Foul Ball, location: 2F
1-2: Strikes out swinging
Top of the 5th over - 1 run, 2 hits, 1 error, 2 left on base; D.C. 2 - Colorado 1
BOTTOM OF THE 5TH
Colorado Billy Goats batting - Pitching for D.C. Divided : RHP Octavius Pringle
Batting: RHB Luis Rodríguez 0-0: Ball
1-0: Foul Ball, location: 2F
1-1: Ball
2-1: Ground out 5-3 (Groundball, 56, EV 99.4 MPH)
Batting: SHB Raoul de Gilde 0-0: Called Strike
0-1: Ground out U3 (Groundball, 34, EV 83.1 MPH)
Batting: LHB David de Meij 0-0: SINGLE (Groundball, 34D, EV 100.0 MPH)
Batting: RHB Matt Méndez 0-0: Ball
1-0: Foul Ball, location: 2F
1-1: Ball
2-1: Fly out, F6 (Popup, 6M, EV 58.8 MPH)
Bottom of the 5th over - 0 runs, 1 hit, 0 errors, 1 left on base; D.C. 2 - Colorado 1
TOP OF THE 6TH
D.C. Divided batting - Pitching for Colorado Billy Goats : RHP Malcolm Bullard
Batting: LHB Stanley Zijm 0-0: Called Strike
0-1: Ball
1-1: Foul Ball, location: 2F
1-2: Ball
2-2: Ball
3-2: Base on Balls
Pitching: RHP Amando Codes
Batting: RHB Francisco Alhama 0-0: Called Strike
0-1: Ball
1-1: Ball
2-1: Bunted foul
2-2: Fly out, F9 (Line Drive, 9D, EV 101.2 MPH)
Batting: LHB Craig Morgan 0-0: Ball
Stanley Zijm is caught stealing 2nd base 2-6
1-0: Ball
2-0: Called Strike
2-1: Swinging Strike
2-2: Ball
3-2: Base on Balls
Batting: RHB Layton Arntsen 0-0: Fly out, F8 (Flyball, 8LM, EV 90.6 MPH)
Top of the 6th over - 0 runs, 0 hits, 0 errors, 1 left on base; D.C. 2 - Colorado 1
BOTTOM OF THE 6TH
Colorado Billy Goats batting - Pitching for D.C. Divided : RHP Octavius Pringle
Batting: LHB Ricardo Yates 0-0: SINGLE (Groundball, 4D, EV 101.9 MPH)
Batting: LHB Ken Norris 0-0: Ball
1-0: Called Strike
Ricardo Yates steals 2nd base
1-1: Foul Ball, location: 2F
1-2: DOUBLE (Line Drive, 89M, EV 88.8 MPH)
Ricardo Yates scores
Batting: LHB Tim Gonzáles 0-0: SINGLE (Line Drive, 3D, EV 103.1 MPH)
Ken Norris to third
Batting: RHB Zacarías Salazar 0-0: Swinging Strike
0-1: Foul Ball, location: 2F
0-2: Ball
1-2: Foul Ball, location: 2F
1-2: Ball
2-2: Foul Ball, location: 2F
2-2: Ball
3-2: Foul Ball, location: 2F
3-2: Grounds into double play, 6-4-3 (Groundball, 6S, EV 86.2 MPH)
Ken Norris scores
Batting: LHB Bill Stanton 0-0: SOLO HOME RUN (Flyball, 9LD, EV 104.4 MPH), Distance : 342 ft
Batting: RHB Luis Rodríguez 0-0: Called Strike
0-1: Ball
1-1: Ball
2-1: Ground out U3 (Groundball, 34, EV 98.8 MPH)
Bottom of the 6th over - 3 runs, 4 hits, 0 errors, 0 left on base; D.C. 2 - Colorado 4
TOP OF THE 7TH
D.C. Divided batting - Pitching for Colorado Billy Goats : RHP Amando Codes
Batting: RHB Kimi Okubo 0-0: Foul Ball, location: 2F
0-1: Ball
1-1: Ball
2-1: Called Strike
2-2: Ball
3-2: Ground out 6-3 (Groundball, 6, EV 80.6 MPH)
Batting: LHB Bill Butler 0-0: Ball
1-0: Called Strike
1-1: Swinging Strike
1-2: Foul Ball, location: 2F
1-2: Strikes out looking
Batting: RHB Martín Chávez 0-0: Ball
1-0: Ball
2-0: Ball
3-0: Base on Balls
Batting: LHB Manuel Carmona 0-0: Ball
Martín Chávez steals 2nd base
1-0: Ball
2-0: Ball
3-0: Base on Balls
Batting: SHB Billy Dotson 0-0: Ball
1-0: Ball
2-0: Called Strike
2-1: Foul Ball, location: 2F
2-2: Fly out, F7 (Flyball, 78M, EV 88.1 MPH)
Top of the 7th over - 0 runs, 0 hits, 0 errors, 2 left on base; D.C. 2 - Colorado 4
BOTTOM OF THE 7TH
Colorado Billy Goats batting - Pitching for D.C. Divided : RHP Octavius Pringle
Batting: SHB Raoul de Gilde 0-0: Ball
1-0: Foul Ball, location: 2F
1-1: Foul Ball, location: 2F
1-2: Ball
2-2: Fly out, F7 (Flyball, 7LM, EV 74.4 MPH)
Batting: LHB David de Meij 0-0: Called Strike
0-1: Ball
1-1: Foul Ball, location: 2F
1-2: Fly out, F5 (Popup, 56S, EV 91.2 MPH)
Batting: RHB Matt Méndez 0-0: Ball
1-0: Fly out, F9 (Flyball, 9S, EV 95.0 MPH)
Bottom of the 7th over - 0 runs, 0 hits, 0 errors, 0 left on base; D.C. 2 - Colorado 4
TOP OF THE 8TH
D.C. Divided batting - Pitching for Colorado Billy Goats : RHP Amando Codes
Batting: LHB Stanley Zijm 0-0: Ball
1-0: Foul Ball, location: 2F
1-1: SINGLE (Line Drive, 8RS, EV 109.4 MPH)
Batting: RHB Francisco Alhama 0-0: Foul Ball, location: 2F
0-1: SINGLE (Line Drive, 8RS, EV 98.8 MPH)
Stanley Zijm to second
Pitching: LHP Ales Kretky
Pinch Hitting: RHB Nick Boyd 0-0: Ball
1-0: Reached on error, E2 (Groundball, 2R, EV 43.8 MPH)
Stanley Zijm scores
Francisco Alhama to third
Batting: RHB Layton Arntsen 0-0: Ball
1-0: Ball
2-0: Ball
3-0: Called Strike
3-1: Called Strike
3-2: Base on Balls
Batting: RHB Kimi Okubo 0-0: Fly out, F2 (Popup, 2LF, EV 96.9 MPH)
Batting: LHB Bill Butler 0-0: Ball
1-0: Called Strike
1-1: Called Strike
1-2: Ball
2-2: Foul Ball, location: 2F
2-2: Foul Ball, location: 2F
2-2: Strikes out looking
Batting: RHB Martín Chávez 0-0: SINGLE (Groundball, 56D, EV 96.9 MPH)
Francisco Alhama scores
Nick Boyd to third
Layton Arntsen to second
Runner from 3rd tries for Home, SAFE, throw by LF to home
Batting: LHB Manuel Carmona 0-0: Called Strike
0-1: Ball
1-1: Foul Ball, location: 2F
1-2: Foul Ball, location: 2F
1-2: Ball
2-2: Strikes out swinging
Top of the 8th over - 3 runs, 3 hits, 1 error, 2 left on base; D.C. 5 - Colorado 4
BOTTOM OF THE 8TH
Colorado Billy Goats batting - Pitching for D.C. Divided : RHP Octavius Pringle
Now at 2B: Nick Boyd
Batting: LHB Ricardo Yates 0-0: Ball
1-0: Fly out, F9 (Flyball, 89S, EV 92.5 MPH)
Batting: LHB Ken Norris 0-0: Ground out U3 (Groundball, 3, EV 105.0 MPH)
Batting: LHB Tim Gonzáles 0-0: Called Strike
0-1: Ball
1-1: Ball
2-1: Foul Ball, location: 2F
2-2: Strikes out swinging
Bottom of the 8th over - 0 runs, 0 hits, 0 errors, 0 left on base; D.C. 5 - Colorado 4
TOP OF THE 9TH
D.C. Divided batting - Pitching for Colorado Billy Goats : LHP Ales Kretky
Batting: SHB Billy Dotson 0-0: Called Strike
0-1: Ball
1-1: Ball
2-1: Foul Ball, location: 2F
2-2: Foul Ball, location: 2F
2-2: Ground out 5-3 (Groundball, 56, EV 84.4 MPH)
Batting: LHB Stanley Zijm 0-0: Swinging Strike
0-1: Foul Ball, location: 2F
0-2: Ball
1-2: Ball
2-2: Foul Ball, location: 2F
2-2: Ground out 4-3 (Groundball, 4, EV 81.9 MPH)
Batting: RHB Francisco Alhama 0-0: Ball
1-0: Ball
2-0: Called Strike
2-1: SINGLE (Groundball, 6D, EV 96.9 MPH)
Batting: RHB Nick Boyd 0-0: Called Strike
Francisco Alhama steals 2nd base
0-1: Called Strike
0-2: Strikes out swinging
Top of the 9th over - 0 runs, 1 hit, 0 errors, 1 left on base; D.C. 5 - Colorado 4
BOTTOM OF THE 9TH
Colorado Billy Goats batting - Pitching for D.C. Divided : RHP Octavius Pringle
Pitching: RHP Yeon-kyu Kim
Pinch Hitting: LHB Guan-pei Bei 0-0: Called Strike
0-1: Ground out 4-3 (Groundball, 34D, EV 85.6 MPH)
Batting: LHB Bill Stanton 0-0: Ball
1-0: Called Strike
1-1: Ball
2-1: Ground out U3 (Groundball, 3S, EV 93.1 MPH)
Batting: RHB Luis Rodríguez 0-0: Called Strike
0-1: Swinging Strike
0-2: Hit by Pitch
Batting: SHB Raoul de Gilde 0-0: Called Strike
0-1: Called Strike
0-2: Fly out, F9 (Flyball, 89D, EV 78.8 MPH)
Bottom of the 9th over - 0 runs, 0 hits, 0 errors, 1 left on base; D.C. 5 - Colorado 4
Tuesday, January 5th, 2021 - OOTP Baseball 20.8 Build 74